AoeStats
← Carple

Four Lakes

509825162Analyzed
1v1 RM · 5d ago on Sep 28, 2026· 36m 47s· 2 players
Game mode
Random Map
Map size
Tiny (2 player)
Population
200
Speed
Normal
Resources
Standard
Victory
Conquest
Starting age
Dark Age
Ending age
Imperial Age
RankedLock teamsTeams togetherTeam positionsShared explorationLock speedFull tech treeHidden civsTurbo modeCheats
Victory
Defeat
🇲🇽 Varangians · Mexico
1315
+14
🇨🇦 Japanese · Canada
1270
-14
Carple
4:19 Loom
11:17 Feudal Age
11:46 Double-Bit Axe
13:20 Stone Mining
16:50 Castle Age
16:08 Forging
15:58 Scale Mail Armor
15:47 Horse Collar
18:02 Gold Mining
20:53 Squires
23:59 Pikeman
27:36 Wheelbarrow
27:49 Arson
28:44 Iron Casting
31:37 Chain Mail Armor
32:50 Fletching
37:08 Imperial Age
deimmossq
6:47 Loom
9:59 Feudal Age
10:40 Double-Bit Axe
16:04 Castle Age
14:48 Forging
14:28 Horse Collar
18:10 Husbandry
18:49 Bloodlines
20:14 Scale Mail Armor
20:28 Scale Barding Armor
21:55 Fishing Lines
23:28 Iron Casting
24:41 Gold Mining
26:04 Chain Barding Armor
26:10 Medium Warships
27:09 Wheelbarrow
26:53 Fletching
29:37 Bodkin Arrow
30:33 Scale Mail Armor
31:38 Bow Saw
31:29 Town Watch
36:38 Imperial Age
34:56 Padded Archer Armor
34:48 Crossbowman
35:45 Gillnets
37:26 Ballistics
37:36 Hand Cart
Connection lost

Rejoining the realm…

Still unreachable

The connection could not be restored.

Session expired

The server has moved on; the page needs a fresh start.